 Dungeon Crawl Stone Soup version 0.30-a0-715-gdb4ae3ece1 (webtiles) character file.

Game seed: 10941997857012888557

637 KennySheep the Shooter (level 8, -5/64 HPs)
             Began as a Meteoran Hunter on Jan 24, 2023.
             Was a Follower of Cheibriados.
             Slain by a yak (6 damage)
             ... on level 5 of the Dungeon.
             The game lasted 00:19:41 (2119 turns).

KennySheep the Shooter (Meteoran Hunter)            Turns: 2119, Time: 00:19:42

Health: -5/64      AC:  8    Str: 22    XL:     8   Next: 7%
Magic:  11/12      EV: 13    Int: 13    God:    Cheibriados [*.....]
Gold:   91         SH:  0    Dex: 21    Spells: 7/7 levels left

rFire   + . .      SeeInvis .    a - +1 shortbow
rCold   . . .      Faith    .    (shield currently unavailable)
rNeg    . . .      Spirit   .    C - +0 ring mail {rF+}
rPois   .          Reflect  .    (no helmet)
rElec   .          Harm     .    p - +0 cloak
rCorr   .          Rampage  .    (no gloves)
Will    +....                    q - +1 pair of boots
Stlth   +                        (no amulet)
HPRegen 0.30/turn                o - +4 ring of slaying
MPRegen 0.13/turn                v - +6 ring of strength

@: glowing, very slow
A: sense surroundings 1, otherworldly, glowing, explore regen, claws 1, clumsy
1, MP-powered wands
a: Renounce Religion, Bend Time


You were on level 5 of the Dungeon.
You worshipped Cheibriados.
Cheibriados was aware of your devotion.
You visited 2 branches of the dungeon, and saw 6 of its levels.
You also visited: Ossuary.

You collected 278 gold pieces.
You spent 187 gold pieces at shops.

Inventory:

Hand Weapons
 a - a +1 shortbow (weapon)
 b - the +4 long sword "Loux" {drain, rC++ Str-5 Int+2}
   (You bought it in a shop on level 4 of the Dungeon)

   Str:       It affects your strength (-5).
   Int:       It affects your intelligence (+2).
   rC:        It greatly protects you from cold.
Missiles
 i - a throwing net
Armour
 c - a +0 leather armour
 p - a +0 cloak (worn)
 q - a +1 pair of boots (worn)
 C - a +0 ring mail of fire resistance (worn)
Jewellery
 o - a +4 ring of slaying (left claw)
 v - a +6 ring of strength (right claw)
Wands
 B - a wand of mindburst (21)
Scrolls
 e - a scroll of enchant weapon
 f - a scroll of fog
 g - a scroll of enchant armour {unknown}
 j - a scroll of noise {unknown}
 t - a scroll of teleportation
 u - a scroll of amnesia
 x - a scroll of blinking
 y - a scroll of immolation
 A - 2 scrolls of butterflies
 D - a scroll of fear
Potions
 d - a potion of degeneration {unknown}
 h - 2 potions of curing
 l - a potion of brilliance {unknown}
 m - 2 potions of magic {unknown}
 n - a potion of heal wounds {unknown}
 r - a potion of mutation
 s - a potion of haste {unknown}
 w - 2 potions of cancellation {unknown}
 z - a potion of resistance {unknown}
 E - a potion of might {unknown}


   Skills:
 - Level 3.6 Fighting
 * Level 3.8 Maces & Flails
 - Level 6.1 Ranged Weapons
 - Level 3.0 Armour
 - Level 4.0 Dodging
 - Level 0.6 Stealth
 * Level 4.6 Invocations


You had 7 spell levels left.
You didn't know any spells.
Your spell library contained the following spells:

 Spells                   Type           Power      Damage    Failure   Level
 Necrotise                Necr           0%         1d4       43%         1
 Vampiric Draining        Necr           0%         2d6       82%         3
 Agony                    Necr           0%         N/A       100%        5


Dungeon Overview and Level Annotations

Branches:
Dungeon (5/15) Zot: 1699   Temple (1/1) D:4 Zot: 677 Ossuary (visited)

Altars:
Ashenzari
Cheibriados
Dithmenos
Elyvilon
Gozag
Hepliaklqana
Makhleb
Nemelex Xobeh
Qazlal
Trog
Uskayaw
Vehumet
Wu Jian

Shops:
D:4 (


Innate Abilities, Weirdness & Mutations

You passively map a small area around you.
You are easily found by Zot.
You glow in the dark.
You regain HP and MP as you explore.
You have sharp fingernails.
You are clumsy. (Dex -2)
You expend magic power (3 MP) to strengthen your wands.


Message History

You have reached level 8!
You shoot an arrow.
The arrow hits the yak but does no damage.
You hear a bellow! x2
The yak gores you.
You hear a bellow!
You shoot an arrow. The arrow hits the yak!
The yak is heavily wounded.
The yak closely misses you.
You shoot an arrow. The arrow closely misses the yak.
You hear a bellow! x2
The yak misses you.
A yak comes into view.
The yak barely misses you.
You shoot an arrow. The arrow hits the yak!
The yak is severely wounded.
You hear a bellow!
The yak misses you.
You shoot an arrow.
The arrow hits the yak but does no damage.
The yak is severely wounded.
You hear a bellow! x2
The yak barely misses you. The yak closely misses you.
The yak attacks as you move away! The yak gores you!
You hear a bellow!
You shoot an arrow. The arrow hits the yak.
The yak is lightly wounded.
A yak comes into view.
The yak barely misses you.
You shoot an arrow. The arrow hits the yak.
The yak is severely wounded.
You hear a bellow!
The yak gores you! x2
* * * LOW HITPOINT WARNING * * *
You hear a bellow!
The yak attacks as you move away! The yak barely misses you.
The yak attacks as you move away! The yak gores you!
* * * LOW HITPOINT WARNING * * *
The yak gores you.
You die...

,*<*,*,#!#.#,#.#.#.#.#.#.***,*,,,
*,*,*,*,#.#.#.#.#.#.#.#.#.**,****
,*,*,*,*,#.#.#.#.#.#.#.#.##*,,,,,
*,*,*,*,*,#.#.#.#.#.#.#.#.#*****,
**,*,*,*,#.#†#.#.#.#.#.#.###****,
*,*,*,*,#Y#.#Y#)#.#.#.#.#..>.,,*,
**,*,*,#.#.#.#.#.#.#.#.#.##.##**,
*,*,*,#.#.#.#Y#Y#.#.#.#.#.#..,,,,
**,*,#.#.#.#.#.#@#.#.#.#.#..,****
*,*,#.#.#.#.#.#.#.#.#.#.#.#.#*,,,
**,*.#.#.#.#.#.#.#.#.#.#.##.#*,**
*,*,*.#.#.#.#.#.#.#.#.#.#.#.#*,**
**,*,*.#.#.#.#.#.#.#.#.#.##.#*,,,
*,*,*,*.#.#.#.#.#.#.#.#.#.#.#****
**,*,*,*.#...#.#.#.#.#.#(##.# *
*,,,,,,,...........#.#.#.#.### *
**,*,,,,,.#...#....#.#+#.....# *


You could see 2 yaks.

Vanquished Creatures
  A yak (D:5)
  A black bear (D:4)
  A vampire bat (D:4)
  2 centaur zombies (Ossuary)
  A jelly (D:3)
  A hound (D:5)
  An iguana (D:4)
  4 mummies (Ossuary)
  Robin (D:2)
  5 adders
  An ufetubus (D:5)
  4 worms
  An orc (D:3)
  5 ball pythons
  7 endoplasms
  4 giant cockroaches
  16 goblins
  12 hobgoblins
  8 kobolds
  4 quokkas
  13 bats
  5 frilled lizards
  3 hobgoblin zombies (Ossuary)
  2 rats
  A butterfly (D:4)
104 creatures vanquished.

Notes
Turn   | Place    | Note
-------+----------+-------------------------------------------
     0 | D:1      | KennySheep the Meteoran Hunter began the quest for the Orb.
     0 | D:1      | Reached XP level 1. HP: 17/17 MP: 2/2
   129 | D:1      | Reached XP level 2. HP: 24/24 MP: 3/3
   253 | D:1      | Found a faded altar of an unknown god.
   346 | D:2      | Reached skill level 1 in Armour
   346 | D:2      | Reached XP level 3. HP: 30/30 MP: 4/4
   417 | D:2      | Noticed Robin
   426 | D:2      | Killed Robin
   430 | D:2      | Reached XP level 4. HP: 32/37 MP: 5/5
   431 | D:2      | Reached skill level 5 in Ranged Weapons
   869 | D:3      | Reached XP level 5. HP: 44/44 MP: 6/6
  1222 | D:4      | Found Acezxa's Antique Weapon Emporium.
  1234 | D:4      | Bought a buzzing long sword for 187 gold pieces
  1234 | D:4      | Identified the +4 long sword "Loux" {drain, rC++ Str-5
                  | Int+2} (You bought it in a shop on level 4 of the Dungeon)
  1302 | D:4      | Found an opulent altar of Gozag.
  1302 | D:4      | Found a stormy altar of Qazlal.
  1323 | D:4      | Reached XP level 6. HP: 51/51 MP: 7/7
  1366 | D:4      | Found a staircase to the Ecumenical Temple.
  1379 | Temple   | Entered the Ecumenical Temple
  1489 | Temple   | Became a worshipper of Cheibriados the Contemplative
  1640 | D:4      | Noticed a black bear
  1645 | D:4      | Killed a black bear
  1646 | D:4      | Reached skill level 1 in Invocations
  1668 | D:4      | Reached skill level 6 in Ranged Weapons
  1729 | D:4      | Reached XP level 7. HP: 55/57 MP: 9/9
  1733 | D:4      | Reached * piety under Cheibriados
  1915 | D:5      | Entered Level 5 of the Dungeon
  1918 | D:5      | Gained mutation: You sometimes lose your temper in combat.
                  | [potion of mutation]
  1918 | D:5      | Gained mutation: You expend magic power (3 MP) to
                  | strengthen your wands. [potion of mutation]
  1918 | D:5      | Gained mutation: You are clumsy. (Dex -2) [potion of
                  | mutation]
  1918 | D:5      | Gained mutation: You have sharp fingernails. [potion of
                  | mutation]
  1919 | D:5      | Lost mutation: You are clumsy. (Dex -2) [potion of
                  | mutation]
  1919 | D:5      | Lost mutation: You sometimes lose your temper in combat.
                  | [potion of mutation]
  1919 | D:5      | Gained mutation: You are clumsy. (Dex -2) [potion of
                  | mutation]
  1930 | D:5      | Found a sand-covered staircase.
  1939 | Ossuary  | Entered an ossuary
  1950 | Ossuary  | Reached skill level 1 in Maces & Flails
  2098 | D:5      | Noticed a yak
  2100 | D:5      | Noticed a yak
  2109 | D:5      | Killed a yak
  2110 | D:5      | Reached XP level 8. HP: 52/64 MP: 10/12
  2112 | D:5      | Noticed a yak
  2116 | D:5      | Noticed a yak
  2119 | D:5      | HP: 1/64 [yak (13)]
  2119 | D:5      | Slain by a yak

Illustrated notes

Levels and vault maps discovered:
D:1:      nagdon_arrival_double_spiral, layout_basic,
          ebering_ecumenical_altar_hall, fountainhead
D:2:      layout_basic, uniq_robin
D:3:      layout_basic, nicolae_tso_swordbearing_angel
D:4:      minmay_inner_zag, layout_basic, nicolae_overflow_two_pavilions,
          minmay_temple_entry_butterflies, serial_shops,
          nicolae_shop_overgrown_old_shop, roderic_batcave, kennysheep_nub,
          columned_hall_lemuel, uniq_edmund
D:5:      layout_basic, nicolae_ossuary_entry_monument,
          minmay_misc_feat_more_columns, uniq_crazy_yiuf_cottage, uniq_grinder
Temple:   minmay_temple_curvy_loop

Skill      XL: |  1  2  3  4  5  6  7 |
---------------+----------------------+-----
Armour         | 1 2 3 |  3.0
Dodging        | 3 4 |  4.0
Ranged Weapons | 5 6 |  6.1
Fighting       | 3 |  3.6
Invocations    | 2 4 |  4.6
Maces & Flails | 3 |  3.8
Stealth        | |  0.6

Action                     |  1- 3 |  4- 6 |  7- 9 || total
---------------------------+-------+-------+-------++-------
   Fire: Shortbow          |    72 |   107 |    84 ||   263
    Use: Scroll            |       |     2 |     6 ||     8
         Potion            |       |       |     3 ||     3
 Armour: Leather armour    |    13 |    29 |    56 ||    98
         Ring mail         |       |       |    14 ||    14
  Dodge: Dodged            |    25 |    45 |   108 ||   178

Table legend: (Time is in decaauts)
 A = Elapsed time spent in this place.
 B = Non-inter-level travel time spent in this place.
 C = Inter-level travel time spent in this place.
 D = Time resting spent in this place.
 E = Time spent auto-exploring this place.
 F = Levels seen in this place.
 G = Mean time per level.
                   A        B        C        D        E       F      G
               +--------+--------+--------+--------+--------+-----+--------+
         Total |   2385 |   2305 |     80 |      0 |    392 |   7 |  340.7 |
       Dungeon |   2072 |   2048 |     24 |      0 |    392 |   5 |  414.4 |
        Temple |    168 |    112 |     56 |      0 |      0 |   1 |  168.0 |
       Ossuary |    145 |    145 |      0 |      0 |      0 |   1 |  145.0 |
               +--------+--------+--------+--------+--------+-----+--------+

Top non-repeatable levels by time:
     D:4: 659 daAuts
     D:3: 478 daAuts
     D:2: 423 daAuts
     D:1: 387 daAuts
  Temple: 168 daAuts
 Ossuary: 145 daAuts
     D:5: 122 daAuts
